cohdb
Replays
Latest Replays
All Replays
Popular Replays
Top Player Replays
Match Explorer
How It Works
Community
CoH3 Stats
Reddit
Sign in to upload your games and track your stats! →
Sign in with Steam
Match 43145939
Unlisted
Match 43145939
Overview
Messages
Build Orders
End
Kradschützen Motorcycle Team
Selects Armored Support Battlegroup
Kradschützen Motorcycle Team
Panzerpioneer Squad
Panzergrenadier Squad
Panzergrenadier Squad
Construct Light Support Kompanie
Selects Superior Fire Drills
Assault Mechanized Group
Fire Support Elements
Pak 38 Anti-tank Gun Team
Panzerjäger Squad
2.5-tonne Medical Truck
Selects Salvage Kits
Selects Flammpanzer III Medium Tank
Panzerjäger Mechanized Group
Flammpanzer III Medium Tank
Selects Command Panzer IV F Medium Tank
Command Panzer IV F Medium Tank
Assault Mechanized Group
Flakvierling Half-track
Construct Panzerarmee Kommand
Selects Panzer Storm
Armored Reserves
Panzer IV Assault Group
Trion
Flash
0
0
Comments
sign in to comment!
No comments posted yet!